 Dungeon Crawl Stone Soup version 0.30-a0-782-ge64f9170bb (webtiles) character file.

Game seed: 10599162923605618217

2229 kae the Geomancer (level 9, 0/45 HPs)
             Began as a Gargoyle Earth Elementalist on Mar 5, 2023.
             Shot with an arrow by a centaur (8 damage)
             ... on level 7 of the Dungeon.
             The game lasted 00:06:07 (6616 turns).

kae the Geomancer (Gargoyle Earth Elementalist)     Turns: 6616, Time: 00:06:07

Health: 0/45       AC: 10    Str: 12    XL:     9   Next: 36%
Magic:  19/25      EV: 11    Int: 20    God:
Gold:   424        SH:  0    Dex: 10    Spells: 7/17 levels left

rFire   + . .      SeeInvis .    e - +4 whip
rCold   . . .      Faith    .    (no shield)
rNeg    + . .      Spirit   .    a - +0 robe
rPois   ∞          Reflect  .    (no helmet)
rElec   +          Harm     .    (no cloak)
rCorr   .          Rampage  .    (no gloves)
Will    .....                    r - +1 pair of boots
Stlth   ++                       g - amulet of regeneration
HPRegen 1.07/turn                F - ring of protection from fire
MPRegen 0.19/turn                W - ring of magical power

@: no status effects
A: sickness immunity, AC +6, negative energy resistance 1, electricity
resistance, torment resistance 1, petrification resistance
a: no special abilities


You were on level 7 of the Dungeon.
You visited 2 branches of the dungeon, and saw 8 of its levels.
You also visited: Ossuary.

You collected 424 gold pieces.


Innate Abilities, Weirdness & Mutations

You are immune to sickness and miasma.
Your stone body is resilient. (AC +6)
You are immune to poison.
You resist negative energy. (rN+)
You are resistant to electric shocks. (rElec)
You are resistant to unholy torment.
You are immune to petrification.


   Skills:
 - Level 1.5 Dodging
 - Level 2.1 Stealth
 + Level 4.9 Spellcasting
 * Level 5.1 Conjurations
 * Level 5.8 Transmutations
 * Level 9.2 Earth Magic


You had 7 spell levels left.
You knew the following spells:

 Your Spells              Type           Power      Damage    Failure   Level
a - Sandblast             Erth           82%        2d17      1%          1
b - Stone Arrow           Conj/Erth      66%        3d11      1%          3
c - Passwall              Tmut/Erth      29%        N/A       1%          2
d - Petrify               Tmut/Erth      35%        N/A       5%          4

Your spell library contained the following spells:

 Spells                   Type           Power      Damage    Failure   Level
 Wereblood                Tmut           28%        N/A       1%          2
 Summon Hydra             Summ           2%         N/A       100%        7
 Sublimation of Blood     Necr           Unusable   N/A       N/A         2

Inventory:

Hand Weapons
 e - a +4 whip (weapon)
   (You found it on level 2 of the Dungeon)
Missiles
 d - 36 stones
 h - 2 throwing nets {=f!f}
 j - 2 silver boomerangs
 k - 3 atropa-tipped darts
 o - 13 poisoned darts
 t - 5 boomerangs
Armour
 a - a +0 robe (worn)
 r - a +1 pair of boots (worn)
   (You found it on level 3 of the Dungeon)
Magical Staves
 v - a staff of death {!a}
   (You found it on level 6 of the Dungeon)
Jewellery
 g - an amulet of regeneration (around neck)
   (You found it on level 2 of the Dungeon)
 C - a ring of ice
   (You found it on level 3 of the Dungeon)
 F - a ring of protection from fire (left hand)
   (You found it on level 1 of the Dungeon)
 L - a ring of flight
   (You found it on level 7 of the Dungeon)
 W - a ring of magical power (right hand)
   (You found it on level 2 of the Dungeon)
Wands
 B - a wand of light (7)
   (You took it off an orc warrior on level 7 of the Dungeon)
Scrolls
 p - 2 scrolls of butterflies
 w - a scroll of enchant armour
 x - a scroll of magic mapping {!r}
 y - 2 scrolls of blinking {!r}
 D - a scroll of identify {@r1}
Potions
 b - a potion of magic
 c - 3 potions of degeneration {!q}
 f - 3 potions of flight {unknown}
 i - a potion of might
 l - a potion of invisibility {unknown}
 m - 3 potions of berserk rage {!q}
 n - 4 potions of curing {unknown}
 q - a potion of brilliance
 s - a potion of heal wounds {@q2}
 u - 2 potions of haste {@q3}
 z - 2 potions of cancellation
 A - 2 potions of attraction {!q}

Dungeon Overview and Level Annotations

Branches:
Dungeon (7/15) Zot: 26677  Temple (1/1) D:4 Zot: 5797 Ossuary (visited)

Altars:
Ashenzari
Cheibriados
Elyvilon
Fedhas
Gozag
Hepliaklqana
Kikubaaqudgha
Makhleb
Okawaru
Ru
Xom
Yredelemnul
Zin
The Shining One

#
.####....#..#.....?
#.
#.####..#.##.##.###
#.........#.#..#...#
#...###.##.#.### ..
#.........#..# .#
#...##.###...# #
#..........###
#..###'###.#
#P@.cP#.# #T###.#.#
#.#$#.#.. #.#+#.#.#
#P...P#.. #######.#


You could see a troll and a centaur.


Message History

There is a strange disturbance nearby!
Casting: Sandblast (safe; 1% risk of failure)
Confirm with . or Enter, or press ? or * to list all spells.
You can't see any susceptible monsters within range! (Use Z to cast anyway.)
There is a strange disturbance nearby!
There is a strange disturbance nearby!
There is a strange disturbance nearby!
There is a strange disturbance nearby!
There is a strange disturbance nearby!
There is a strange disturbance nearby!
Casting: Sandblast (safe; 1% risk of failure)
Confirm with . or Enter, or press ? or * to list all spells.
You can't see any susceptible monsters within range! (Use Z to cast anyway.)
Casting: Sandblast (safe; 1% risk of failure)
Confirm with . or Enter, or press ? or * to list all spells.
You can't see any susceptible monsters within range! (Use Z to cast anyway.)
You hit something. Something hits you. 😕 HP[-2]
You take 2 damage, and now have 40/45 hp.
You miss something.
Something hits you but does no damage. 😕 HP[+1] MP[+1]
You miss something. Something hits you. 😕 HP[+1]
You miss something.
You hear some strange, mumbled words.
A magic dart appears from out of thin air!
The magic dart hits you!
You closely miss something.
Something hits you but does no damage. 😕 HP[-5]
You take 5 damage, and now have 37/45 hp.
You miss something. Something hits you. 😕 HP[-3]
You take 3 damage, and now have 34/45 hp.
You hit something.
You hear some strange, mumbled words.
A puff of flame appears from out of thin air!
The puff of flame hits you. You resist. 😮 HP[-1] MP[+1]
You take 1 damage, and now have 33/45 hp.
You whack something!
Reactivating autopickup.
You feel a bit more experienced. 😕 HP[+1]
c - 3 potions of degeneration {!q} (gained 1)
Things that are here:
a +0 dagger; a +0 robe 😕 HP[+3]
You regained 3 hp, and now have 37/45 hp. 😕 HP[+1]
You now have 424 gold pieces (gained 9).
B - a wand of light (7);
D - a scroll of identify {@r1}
Items here: )))) [[[ ††. 😕 HP[+2] MP[+1]
You regained 2 hp, and now have 40/45 hp. 😕 HP[+1] 😕 HP[+1] 😕 HP[+1] 😕 HP[+1] MP[+1] Key pressed, stopping explore.
As you open the door, it creaks loudly!
A troll comes into view.
The troll shouts!
You hear a shout! 😎 HP[+1] MP[+17]
Your hp is fully restored (45).
Your mp is fully restored (25).
A troll is nearby!
A troll is nearby!
A centaur comes into view.
The centaur shouts!
The centaur wields a +0 shortbow.
The centaur shoots an arrow.
The arrow completely misses you.
There is an open door here.
The centaur shoots an arrow.
The arrow hits you! The troll bites you but does no damage.
The troll barely misses you.
The troll claws you but does no damage. 😕 HP[-7]
You take 7 damage, and now have 38/45 hp.
Casting: Sandblast (safe; 1% risk of failure)
Confirm with . or Enter, or press ? or * to list all spells.
Aiming: Stone Arrow (safe; 1% risk of failure)
Press: ? - help, Shift-Dir - straight line, f - troll
Aim: a troll (74% to hit)
The stone arrow hits the troll!
The troll bites you! The troll claws you!
* * * LOW HITPOINT WARNING * * *
The troll barely misses you.
The centaur shoots an arrow.
The arrow hits you.
* * * LOW HITPOINT WARNING * * *
😨 HP[-26] MP[-3]
You take 26 damage, and now have 12/45 hp.
MASSIVE DAMAGE!! (PAUSE)
You lost 3 mp, and now have 22/25 mp.
Casting: Stone Arrow (safe; 1% risk of failure)
Confirm with . or Enter, or press ? or * to list all spells.
Aiming: Stone Arrow (safe; 1% risk of failure)
Press: ? - help, Shift-Dir - straight line, f/p - troll
Aim: a troll (heavily wounded, 74% to hit)
The stone arrow hits the troll!
The centaur shoots an arrow.
The arrow hits you.
* * * LOW HITPOINT WARNING * * *
The troll bites you but does no damage. The troll claws you but does no damage.
The troll barely misses you.
The centaur shoots an arrow.
The arrow hits you!
You die...

Skill      XL: |  1  2  3  4  5  6  7  8  9 |
---------------+----------------------------+-----
Transmutations | 1 2 3 4 5 |  5.8
Earth Magic    | 4 5 6 7 8 9 |  9.2
Spellcasting   | 3 4 |  4.9
Conjurations   | 1 4 5 |  5.1
Dodging        | |  1.5
Stealth        | |  2.1

Action                     |  1- 3 |  4- 6 |  7- 9 || total
---------------------------+-------+-------+-------++-------
  Melee: Unarmed           |    29 |       |       ||    29
         Whip              |     1 |    10 |    10 ||    21
   Cast: Sandblast         |    47 |    52 |   145 ||   244
         Stone Arrow       |       |       |    40 ||    40
    Use: Scroll            |     3 |     6 |     8 ||    17
 Armour: Robe              |    21 |    20 |    55 ||    96
  Dodge: Dodged            |    43 |    16 |    62 ||   121

Levels and vault maps discovered:
D:1:      lordsloth_arrival_two_stooges, layout_basic,
          hangedman_abyss_or_decor_stabs
D:2:      layout_basic, chequers_serial_rivers_micro_d,
          minmay_tree_intersection, uniq_sigmund, uniq_terence
D:3:      layout_basic, zin_academy, hellmonk_ecumenical_altar_crossroads
D:4:      layout_gridville, temple_hall, serial_glass, glass_columns_a,
          glass_columns_c, item_on_display_a
D:5:      layout_loops_cross, lemuel_zombie_altar_kikubaaqudgha,
          mainiacjoe_overflow_six_doors_small
D:6:      wander_river, layout_loops_cross, lemuel_crystal_altar,
          gup_ossuary_entry_pyramid
D:7:      lemuel_ratsnest, layout_basic, grunt_dithmenos_smoke,
          mainiacjoe_overflow_catwalk, nicolae_sif_muna_little_library,
          minmay_shattered_shrine
Temple:   chequers_temple_sunken

Notes
Turn   | Place    | Note
-------+----------+-------------------------------------------
     0 | D:1      | kae the Gargoyle Earth Elementalist began the quest for the
                  | Orb.
     0 | D:1      | Reached XP level 1. HP: 10/10 MP: 3/3
     0 | D:1      | magus.rc [v1.11.3]
    42 | D:1      | Reached skill level 1 in Transmutations
    52 | D:1      | HP: 1/10 [jackal (3)]
   208 | D:1      | Reached XP level 2. HP: 15/15 MP: 0/5
   273 | D:1      | Reached skill level 4 in Earth Magic
   468 | D:1      | Reached XP level 3. HP: 19/19 MP: 2/6
   472 | D:1      | Learned a level 3 spell: Stone Arrow
   475 | D:1      | Learned a level 2 spell: Passwall
  1173 | D:2      | Noticed Sigmund
  1474 | D:2      | Killed Sigmund
  1475 | D:2      | Reached skill level 3 in Spellcasting
  1475 | D:2      | Reached skill level 2 in Transmutations
  1475 | D:2      | Reached skill level 5 in Earth Magic
  1475 | D:2      | Reached XP level 4. HP: 11/24 MP: 0/8
  1475 | D:2      | Reached XP level 5. HP: 13/28 MP: 0/9
  1714 | D:2      | Noticed Terence
  1718 | D:2      | Killed Terence
  1719 | D:2      | Reached skill level 3 in Transmutations
  1719 | D:2      | Reached XP level 6. HP: 32/32 MP: 6/10
  1973 | D:2      | You pick up a book of Blood and begin reading...
  1973 | D:2      | You add the spells Wereblood and Summon Hydra to your
                  | library.
  2121 | D:3      | Learned a level 4 spell: Petrify
  2197 | D:3      | Found a glowing silver altar of Zin.
  2335 | D:3      | Found a faded altar of an unknown god.
  2843 | D:4      | Noticed an ice beast
  2940 | D:4      | Reached skill level 6 in Earth Magic
  3097 | D:4      | HP: 5/32 [ice beast (5)]
  3098 | D:4      | Killed an ice beast
  3099 | D:4      | Reached XP level 7. HP: 7/36 MP: 12/12
  3258 | D:4      | Found a staircase to the Ecumenical Temple.
  3472 | Temple   | Entered the Ecumenical Temple
  3684 | D:4      | Reached skill level 4 in Transmutations
  3686 | D:4      | Reached skill level 7 in Earth Magic
  3811 | D:5      | Entered Level 5 of the Dungeon
  3860 | D:5      | HP: 9/36 [cloud of flame (5)]
  4017 | D:5      | Found a blossoming altar of Fedhas.
  4057 | D:5      | Reached skill level 1 in Conjurations
  4085 | D:5      | Reached XP level 8. HP: 41/41 MP: 13/13
  4144 | D:5      | Reached skill level 2 in Conjurations
  4372 | D:5      | Reached skill level 4 in Spellcasting
  4512 | D:5      | Found an ancient bone altar of Kikubaaqudgha.
  4856 | D:6      | Reached skill level 3 in Conjurations
  4856 | D:6      | Reached skill level 8 in Earth Magic
  4991 | D:6      | Reached skill level 5 in Transmutations
  5225 | D:6      | Found a sand-covered staircase.
  5230 | D:6      | Reached skill level 4 in Conjurations
  5233 | Ossuary  | Entered an ossuary
  5599 | Ossuary  | Reached XP level 9. HP: 45/45 MP: 15/15
  5901 | D:6      | Found a sacrificial altar of Ru.
  6352 | D:7      | Reached skill level 9 in Earth Magic
  6468 | D:7      | Reached skill level 5 in Conjurations
  6612 | D:7      | Noticed a troll
  6616 | D:7      | HP: 8/45 [centaur/arrow (5)]
  6616 | D:7      | Shot with an arrow by a centaur

Vanquished Creatures
  Sigmund (D:2)
  A water moccasin (D:6)
  An orc warrior (D:7)
  A sky beast (D:6)
  4 ice beasts
  2 black bears
  An ogre (D:6)
  A kobold brigand (D:7)
  A phantom (D:4)
  A bullfrog (D:6)
  A necrophage (D:4)
  A scorpion (D:5)
  2 centaur zombies (Ossuary)
  A human zombie (Ossuary)
  A hound (D:5)
  A gnoll bouda (D:5)
  3 jellies
  6 iguanas
  Terence (D:2)
  3 orc wizards
  3 mummies
  11 gnolls
  5 adders
  2 white imps
  An ufetubus (D:5)
  An adder zombie (Ossuary)
  A worm (D:2)
  2 dart slugs
  12 orcs
  4 bats
  A bat zombie (D:5)
  3 endoplasms
  3 giant cockroaches
  7 goblins
  6 hobgoblins
  10 jackals
  5 quokkas
  3 ball pythons
  3 frilled lizards
  4 goblin zombies (Ossuary)
  10 hobgoblin zombies (Ossuary)
  9 kobolds
  7 kobold zombies (Ossuary)
  9 orc zombies (Ossuary)
  3 rats
  6 rat zombies
165 creatures vanquished.

Table legend:
 A = Non-vault XP
 B = Vault XP
 C = Vault XP percentage of total XP
 D = Non-vault monster count
 E = Vault monster count
 F = Vault count percentage of total count
                 A         B        C        D         E       F
            +---------+---------+-------+---------+---------+-------
      Total |    2645 |     540 |  17.0 |     117 |      48 |  29.1
            +---------+---------+-------+---------+---------+-------
        D:1 |      42 |       0 |   0.0 |      16 |       0 |   0.0
        D:2 |      35 |     262 |  88.2 |      10 |       2 |  16.7
        D:3 |      48 |       0 |   0.0 |      19 |       0 |   0.0
        D:4 |     535 |       0 |   0.0 |      31 |       0 |   0.0
        D:5 |     706 |       5 |   0.7 |      22 |       4 |  15.4
        D:6 |     824 |      18 |   2.1 |       9 |       1 |  10.0
        D:7 |     455 |      46 |   9.2 |      10 |       2 |  16.7
    Ossuary |       0 |     209 | 100.0 |       0 |      39 | 100.0
            +---------+---------+-------+---------+---------+-------

Illustrated notes

Table legend:
 A = Kills in this place as a percentage of kills in entire the game.
 B = Kills by you in this place as a percentage of kills by you in the entire game.
 C = Kills by friends in this place as a percentage of kills by friends in the entire game.
 D = Other kills in this place as a percentage of other kills in the entire game.
 E = Experience gained in this place as a percentage of experience gained in the entire game.
 F = Experience gained in this place divided by the number of levels of this place that you have seen.
                   A       B       C       D       E      F
               +-------+-------+-------+-------+-------+----------------------
         Total | 100.0 | 100.0 |   N/A |   N/A | 100.0 | 353.9
       Dungeon |  76.4 |  76.4 |   N/A |   N/A |  93.4 | 425.1
       Ossuary |  23.6 |  23.6 |   N/A |   N/A |   6.6 | 209.0
               +-------+-------+-------+-------+-------+----------------------

Table legend: (Time is in decaauts)
 A = Elapsed time spent in this place.
 B = Non-inter-level travel time spent in this place.
 C = Inter-level travel time spent in this place.
 D = Time resting spent in this place.
 E = Time spent auto-exploring this place.
 F = Levels seen in this place.
 G = Mean time per level.
                   A        B        C        D        E       F      G
               +--------+--------+--------+--------+--------+-----+--------+
         Total |   6800 |   6500 |    300 |    371 |   5147 |   9 |  755.6 |
       Dungeon |   6047 |   5767 |    280 |    176 |   4750 |   7 |  863.9 |
        Temple |    202 |    182 |     20 |      0 |    177 |   1 |  202.0 |
       Ossuary |    550 |    550 |      0 |    195 |    220 |   1 |  550.0 |
               +--------+--------+--------+--------+--------+-----+--------+

Top non-repeatable levels by time:
     D:1: 1098 daAuts
     D:2: 1040 daAuts
     D:5: 950 daAuts
     D:6: 948 daAuts
     D:4: 869 daAuts
     D:3: 818 daAuts
 Ossuary: 550 daAuts
     D:7: 321 daAuts
  Temple: 202 daAuts
